 Dungeon Crawl Stone Soup version 0.18-a0-183-gad09a0e (webtiles) character file.

2423 septik the Cleaver (level 9, 0/71 HPs)
             Began as a Formicid Fighter on Nov 23, 2015.
             Succumbed to a killer bee's poison
             ... on level 9 of the Dungeon.
             The game lasted 00:14:06 (5398 turns).

septik the Cleaver (Formicid Fighter)               Turns: 5398, Time: 00:14:06

Health: 0/71       AC: 14    Str: 32    XL:     9   Next: 76%
Magic:  12/12      EV:  7    Int:  7    God:
Gold:   301        SH: 12    Dex: 10    Spells: 0 memorised, 8 levels left

rFire  . . .     SeeInvis +     t - +0 battleaxe
rCold  . . .     Clarity  .     w - +0 plate armour
rNeg   + . .     SustAt   .     c - +0 shield
rPois  .         Gourm    .     (helmet unavailable)
rElec  .         Spirit   .     A - +1 cloak
rCorr  .         Warding  +     (no gloves)
rMut   .         Stasis   +     (no boots)
MR     .....                    u - amulet of warding
Stlth  ..........               l - +4 ring of slaying
                                i - ring of flight

@: mighty, lethally poisoned (0 -> -7), not resistant to hostile enchantments,
extremely unstealthy
A: permanent stasis, dig shafts and tunnels, four strong arms, antennae 3,
strong 1
a: Dig, Shaft Self, Evoke Flight


You were on level 9 of the Dungeon.
You were not hungry.

You visited 2 branches of the dungeon, and saw 9 of its levels.

You collected 301 gold pieces.

Inventory:

Hand Weapons
 t - a +0 battleaxe (weapon)
Missiles
 h - 134 stones (quivered)
 r - a throwing net
Armour
 c - a +0 shield (worn)
 w - a +0 plate armour (worn)
 A - a +1 cloak (worn)
Jewellery
 i - a ring of flight (left hand)
 l - a +4 ring of slaying (right hand)
 u - an amulet of warding (around neck)
Wands
 j - a wand of fireball (4)
 s - a wand of cold (2)
Scrolls
 g - 4 scrolls of remove curse
 m - a scroll of immolation
 x - 2 scrolls of amnesia
Potions
 f - a potion of magic
 k - a potion of lignification {unknown}
 z - a potion of cancellation {unknown}
 B - a potion of heal wounds {unknown}
Books
 a - a book of Clouds

   Spells                             Type                      Level
   a - Mephitic Cloud                 Conjuration/Poison/Air       3
   b - Conjure Flame                  Conjuration/Fire             3
   c - Poisonous Cloud                Conjuration/Poison/Air       6
   d - Freezing Cloud                 Conjuration/Ice/Air          6
   e - Ring of Flames                 Charms/Fire                  7
 v - a book of Summonings

   Spells                             Type                      Level
   a - Recall                         Summoning/Translocation      3
   b - Aura of Abjuration             Summoning                    5
   c - Shadow Creatures               Summoning                    5
   d - Summon Demon                   Summoning                    5
   e - Summon Forest                  Summoning/Translocation      5
   f - Summon Mana Viper              Hexes/Summoning              5
Comestibles
 b - a meat ration
 e - 4 bread rations
 o - 2 beef jerkies
 q - 2 slices of pizza


   Skills:
 + Level 6.8 Fighting
 * Level 8.3 Axes
 + Level 4.3 Armour
 + Level 1.8 Dodging
 + Level 7.0 Shields
 + Level 5.1 Evocations


You had 8 spell levels left.
You didn't know any spells.

Dungeon Overview and Level Annotations

Branches:
Dungeon (9/15)             Temple (1/1) D:6
   Lair: D:8-11         Orc: D:9-12

Altars:
Ashenzari
Cheibriados
Dithmenos
Elyvilon
Fedhas
Gozag
Kikubaaqudgha
Nemelex Xobeh
Ru
Sif Muna
Trog
Vehumet
Yredelemnul
Zin
The Shining One
Lugonu


Innate Abilities, Weirdness & Mutations

You are under a permanent stasis effect.
You can dig through walls and to a lower floor.
Your four strong arms can wield two-handed weapons with a shield.
You have a pair of large antennae on your head (SInv).
Your muscles are strong. (Str +2)


Message History

The killer bee barely misses you.
You feel sick.
The killer bee stings you but does no damage.
Are you sure you want to shaft yourself?
You feel somewhat more hungry. The killer bee stings you.
* * * LOW HITPOINT WARNING * * *
You block the killer bee's attack.
You begin to dig a shaft.
You continue digging a shaft.
You feel sick. The killer bee stings you.
* * * LOW HITPOINT WARNING * * *
You are more poisoned.
The killer bee poisons you! You block the killer bee's attack.
A shaft appears beneath you!
You fall through a shaft for 2 floors!
The shaft crumbles and collapses.
Drink which item? (? for menu, Esc to quit)
It was a potion of mutation.
You feel extremely strange.
You feel stronger.
You feel resistant to heat.
You no longer feel heat resistant.
You die...

#+##+####
#........
#........
#@.......
#........
#........
#########


There were no monsters in sight!

Vanquished Creatures
  The ghost of Raultor the Covert, a novice VSAs (D:7)
  Grinder (D:5)
  Sigmund (D:5)
  Menkaure (D:6)
  An orc warrior (D:6)
  A phantom (D:4)
  An ogre (D:5)
  2 centaurs (D:5)
  4 jellies
  4 killer bees (D:7)
  A crimson imp (D:5)
  2 orc priests
  A centaur zombie (D:7)
  Crazy Yiuf (D:5)
  A hound (D:5)
  5 orc wizards
  Jessica (D:2)
  An iguana (D:6)
  4 worker ants
  A worker ant zombie (D:5)
  7 gnolls
  4 adders
  A shadow imp (D:7)
  An ooze (D:3)
  4 worms
  5 giant geckos
  10 orcs
  A ball python (D:1)
  11 bats
  5 giant cockroaches
  7 goblins
  6 hobgoblins
  10 jackals
  A quokka (D:7)
  6 giant newts
  9 kobolds
  5 rats
128 creatures vanquished.

Notes
Turn   | Place    | Note
--------------------------------------------------------------
     0 | D:1      | septik the Formicid Fighter began the quest for the Orb.
     0 | D:1      | Reached XP level 1. HP: 18/18 MP: 1/1
   295 | D:1      | Reached XP level 2. HP: 24/24 MP: 2/2
   548 | D:2      | Reached XP level 3. HP: 27/29 MP: 3/3
   707 | D:2      | Found an ancient bone altar of Kikubaaqudgha.
   707 | D:2      | Found a shattered altar of Ashenzari.
   774 | D:2      | Noticed Jessica
   795 | D:2      | Killed Jessica
   795 | D:2      | Reached XP level 4. HP: 18/37 MP: 4/4
  1676 | D:3      | Reached skill level 4 in Fighting
  1676 | D:3      | Reached XP level 5. HP: 36/42 MP: 5/5
  1786 | D:3      | Found a sacrificial altar of Ru.
  1950 | D:3      | Found a blossoming altar of Fedhas.
  2275 | D:3      | Reached XP level 6. HP: 47/49 MP: 6/6
  2485 | D:4      | Reached skill level 1 in Evocations
  2906 | D:4      | Reached skill level 5 in Axes
  2906 | D:4      | Reached XP level 7. HP: 30/55 MP: 6/8
  3088 | D:4      | Reached skill level 5 in Fighting
  3098 | D:4      | Found a glowing golden altar of the Shining One.
  3266 | D:4      | Reached skill level 5 in Shields
  3516 | D:5      | Entered Level 5 of the Dungeon
  3617 | D:5      | Noticed Crazy Yiuf
  3629 | D:5      | Killed Crazy Yiuf
  3824 | D:5      | Reached XP level 8. HP: 27/63 MP: 8/10
  3827 | D:5      | Reached skill level 6 in Axes
  4288 | D:5      | Noticed Sigmund
  4291 | D:5      | Killed Sigmund
  4293 | D:5      | Noticed Grinder
  4306 | D:5      | Killed Grinder
  4436 | D:6      | Reached skill level 7 in Axes
  4436 | D:6      | Reached XP level 9. HP: 56/69 MP: 12/12
  4522 | D:6      | Noticed Menkaure
  4535 | D:6      | Killed Menkaure
  4535 | D:6      | Reached skill level 1 in Dodging
  4584 | D:6      | Found a white marble altar of Elyvilon.
  4867 | D:6      | Found a staircase to the Ecumenical Temple.
  4872 | Temple   | Entered the Ecumenical Temple
  5358 | D:7      | Noticed Raultor's ghost (novice VSAs)
  5367 | D:7      | Killed Raultor's ghost
  5367 | D:7      | Reached skill level 8 in Axes
  5367 | D:7      | Reached skill level 5 in Evocations
  5396 | D:7      | HP: 1/71 [killer bee (5)]
  5397 | D:7      | You fall through a shaft for 2 floors!
  5398 | D:9      | Gained mutation: Your muscles are strong. (Str +2) [potion of mutation]
  5398 | D:9      | Gained mutation: Your flesh is heat resistant. [potion of mutation]
  5398 | D:9      | Lost mutation: Your flesh is heat resistant. [potion of mutation]
  5398 | D:9      | Succumbed to a killer bee's poison

Vault maps used:
D:1:      minmay_arrival_split_and_join
D:2:      amethyst_overflow_temple_binary, minmay_misc_feat_plants, uniq_jessica
D:3:      marbit_many_paths, nicolae_ru_great_annihilating_truth, st_stairs_6,
          kennysheep_generic_room_9
D:4:      tso_oasis_becter
D:5:      first_bread, uniq_crazy_yiuf_cottage, uniq_sigmund, uniq_grinder
D:6:      lemuel_crystal_altar, temple_doors_a, uniq_menkaure
D:7:      enter_bailey_2
D:9:      lightli_temple_of_fire, nicolae_overflow_crystal_walls,
          grunt_qazlal_sundering, lemuel_coloured_pillars_altar, serial_shops,
          shop, minmay_fire_ice_demons
Temple:   corrupted_temple

Action                   |  1- 3 |  4- 6 |  7- 9 || total
-------------------------+-------+-------+-------++-------
Melee: War axe           |    50 |   151 |   114 ||   315
       Battleaxe         |       |       |    72 ||    72
 Abil: Dig               |     2 |       |       ||     2
       Shaft Self        |       |       |     1 ||     1
Evoke: Wand              |       |       |    17 ||    17
  Use: Scroll            |       |     9 |     4 ||    13
       Potion            |       |       |     6 ||     6
 Stab: Paralysed         |       |     2 |       ||     2
       Invisible         |       |     1 |       ||     1
  Eat: Chunk             |       |     6 |     7 ||    13
       Bread ration      |       |       |     1 ||     1
